 Dungeon Crawl Stone Soup version 0.29.1-2-gbd0b4ee654 (webtiles) character file.

Game seed: 6039132817443922913

19 Goreval the Vexing (level 2, 11/11 HPs)
             Began as a Felid Enchanter on Nov 21, 2022.
             Was a Follower of Cheibriados.
             Got out of the dungeon alive.
             The game lasted 00:02:43 (2107 turns).

Goreval the Vexing (Felid Enchanter)                Turns: 2107, Time: 00:02:44

Health: 11/11      AC:  1    Str:  6    XL:     2   Next: 55%
Magic:  6/6        EV: 18    Int: 18    God:    Cheibriados [*.....]
Gold:   21         SH:  0    Dex: 18    Spells: 3/5 levels left
                                        Lives:  0   Deaths: 0

rFire   . . .      SeeInvis +     - Unarmed
rCold   . . .      Faith    .   (shield unavailable)
rNeg    . . .      Spirit   .   (body armour unavailable)
rPois   .          Reflect  .   (helmet unavailable)
rElec   .          Harm     .   (cloak unavailable)
rCorr   .          Rampage  .   (gloves unavailable)
Will    .....                   (boots unavailable)
Stlth   +++.......              (no amulet)
HPRegen 0.03/turn               (no ring)
MPRegen 0.10/turn               (no ring)

@: slow
A: very small, claws 1, fangs 3, see invisible, speed 1, shaggy fur 1, stealthy
paws, no weapons or thrown items, no armour, multi-lived
a: Renounce Religion, Bend Time


You escaped.
You worshipped Cheibriados.
Cheibriados was aware of your devotion.
You visited 1 branch of the dungeon, and saw 1 of its levels.

You collected 21 gold pieces.

Inventory:

Scrolls
 c - a scroll of butterflies {unknown}
 f - a scroll of magic mapping {unknown}
Potions
 a - 2 potions of invisibility
 b - 2 potions of curing {unknown}
 d - a potion of might {unknown}
 e - a potion of resistance {unknown}


   Skills:
 + Level 2.9 Dodging
 + Level 4.1 Stealth
 * Level 1.5 Unarmed Combat
 + Level 2.1 Spellcasting
 * Level 4.9 Hexes


You had 3 spell levels left.
You knew the following spells:

 Your Spells              Type           Power      Damage    Failure   Level
a - Ensorcelled Hibernat  Hex/Ice        20%        N/A       10%         2

Your spell library contained the following spells:

 Spells                   Type           Power      Damage    Failure   Level
 Confusing Touch          Hex            19%        N/A       7%          3
 Tukima's Dance           Hex            19%        N/A       7%          3
 Dazzling Flash           Conj/Hex       20%        N/A       19%         3


Dungeon Overview and Level Annotations

Branches:
Dungeon (1/15)

Altars:
Cheibriados


Innate Abilities, Weirdness & Mutations

You have sharp claws.
You have razor-sharp teeth.
You have supernaturally acute eyesight. (SInv)
You cover ground quickly. (Speed+)
You are covered in fur. (AC +1)
Your paws help you pounce on unaware monsters.
You are incapable of wielding weapons or throwing items.
You cannot wear armour.
You gain extra lives every three experience levels.


Message History

No target in view!
No target in view!
No target in view!
No target in view!
No target in view!
No target in view!
No target in view!
No target in view!
No target in view!
No target in view!
No target in view!
No target in view!
No target in view!
No target in view!
No target in view!
No target in view!
No target in view!
No target in view!
No target in view!
No target in view!
No target in view!
No target in view!
You see here a +0 short sword.
There is a faded altar of an unknown god here.
You cannot tell which god this altar belongs to.
Convert to them anyway?
Cheibriados accepts your prayer! Cheibriados welcomes you!
Cheibriados begins to support your attributes as your movement slows.
Cheibriados is now slowing the effects of poison on you.
You can now bend time to slow others.
Cheibriados raises the support of your attributes as your movement slows.
You see here a +0 short sword.
You see here a hobgoblin skeleton.
Things that are here:
a +0 leather armour; a hobgoblin corpse You see here a +0 whip.
There is a staircase leading out of the dungeon here.
You can't go down here!
Are you sure you want to leave the Dungeon?
This will make you lose the game!
You have escaped!

#.###..#### #..#.# #
#########.#....########.#.#########
..).......######.....####..........
#############.....#...#############
##### ##........####...###
....###...##....## ###...#
##.#.#..##.......#####...#
#.##...##..##.....##....#
#.###....######.@......###########
#.# ##.### #....#..##.........>
##.# #.## #####...##.########.
##.###.# ##..##........#.
#......######## #####.########.
............... #..#####...
#######........ ####.....P.
............... #..PP.....
.........[..... #####.####


There were no monsters in sight!

Vanquished Creatures
  2 endoplasms (D:1)
  4 hobgoblins (D:1)
  2 quokkas (D:1)
  2 ball pythons (D:1)
  2 bats (D:1)
  2 frilled lizards (D:1)
  A goblin (D:1)
  2 kobolds (D:1)
  2 rats (D:1)
19 creatures vanquished.

Notes
Turn   | Place    | Note
-------+----------+-------------------------------------------
     0 | D:1      | Goreval the Felid Enchanter began the quest for the Orb.
     0 | D:1      | Reached XP level 1. HP: 7/7 MP: 4/4
   859 | D:1      | Reached XP level 2. HP: 8/11 MP: 6/6
   862 | D:1      | Learned a level 2 spell: Ensorcelled Hibernation
  1714 | D:1      | Found a faded altar of an unknown god.
  1994 | D:1      | Prayed at the altar of an unknown god.
  1994 | D:1      | Became a worshipper of Cheibriados the Contemplative
  1994 | D:1      | Reached * piety under Cheibriados
  2107 | D:$      | Got out of the dungeon alive.

Illustrated notes

Levels and vault maps discovered:
D:1:      dpeg_arrival_round_c, layout_basic, chequers_ecumenical_altar_lobes,
          hangedman_decor_peaks_small

Action                   || total
-------------------------++-------
Melee: Unarmed           ||    61
       Bite              ||     6
       Punch             ||     1
 Cast: Ensorcelled Hiber ||     7
 Stab: Sleeping          ||     5
Armor: Skin              ||     1
Dodge: Dodged            ||    47
